 Dungeon Crawl Stone Soup version 0.17.0-7-gfadd4cc (webtiles) character file.

130 MTVSty1e the Skirmisher (level 4, -1/41 HPs)
             Began as a Minotaur Chaos Knight on Nov 8, 2015.
             Killed by divine providence
             ... invoked by an orc priest
              (10 damage)
             ... on level 3 of the Dungeon.
             The game lasted 00:13:32 (2907 turns).

MTVSty1e the Skirmisher (Minotaur Chaos Knight)     Turns: 2907, Time: 00:13:46

Health: -1/41      AC: 12    Str: 15 (18) XL:     4   Next: 90%
Magic:  3/3        EV:  5    Int:  9      God:    Xom [....*.]
Gold:   133        SH:  0    Dex:  9      Spells: 0 memorised, 3 levels left

rFire  x . .     SeeInvis .     a - +0 hand axe (chaos)
rCold  + . .     Clarity  .     l - +1 plate armour
rNeg   + . .     SustAt   .     (no shield)
rPois  .         Gourm    .     (helmet restricted)
rElec  .         Spirit   .     (no cloak)
rCorr  .         Warding  +     (no gloves)
rMut   .         Stasis   .     (no boots)
MR     .....                    k - amulet of warding
Stlth  ..........               (no ring)
                                c - ring of ice

@: flying, not resistant to hostile enchantments, extremely unstealthy
A: retaliatory headbutt, horns 2
a: Renounce Religion


You were on level 3 of the Dungeon.
You worshipped Xom.
You were a beloved toy of Xom.
You were not hungry.

You visited 1 branch of the dungeon, and saw 3 of its levels.

You collected 133 gold pieces.

Inventory:

Hand Weapons
 a - a +0 hand axe of chaos (weapon)
Armour
 b - a +2 leather armour
 f - a +0 ring mail
 i - a +0 naga barding
 l - a +1 plate armour (worn)
Jewellery
 c - a ring of ice (left hand)
 k - an amulet of warding (around neck)
Scrolls
 o - a scroll of fear
Potions
 e - a potion of degeneration
 h - a potion of brilliance {unknown}
 m - 2 potions of curing {unknown}
 n - a potion of haste {unknown}
Comestibles
 d - a beef jerky


   Skills:
 + Level 4.7 Fighting
 + Level 4.6 Axes
 + Level 3.3 Armour
 + Level 2.8 Dodging
 + Level 0.3 Stealth


You had 3 spell levels left.
You didn't know any spells.

Dungeon Overview and Level Annotations

Branches:
Dungeon (3/15)

Altars:
Trog


Innate Abilities, Weirdness & Mutations

You reflexively headbutt those who attack you in melee.
You have a pair of horns on your head.


Message History

You emit a cloud of colourful smoke!
Drink which item? (? for menu, Esc to quit)
It was a potion of degeneration.
There was something very wrong with that liquid.
You feel weakened.
Xom is amused.
The orc priest invokes the aid of Beogh against you.
Pain shoots through your body!
* * * LOW HITPOINT WARNING * * *
Drink which item? (? for menu, Esc to quit)
You can't drink that!
Drink which item? (? for menu, Esc to quit)
It was a potion of flight.
You feel very buoyant.
You fly up into the air.
Xom is highly amused!
The orc priest invokes the aid of Beogh against you.
Something smites you!
You die...
Xom bursts into laughter!

...##.#............>......#......
...##.#...........[.....#.#......
...##.##.######.........h.'......
...##.##.##.............#.#......
.......#.##.##..........#...###.#
...##..#.#...#..).......#.### .#
...##..#.#.###.##)#######.# ..
########.#.# #....##....#.# ##
#...# #..@.##.##.#.# #####
#.#.§#.....#(# #...o§§.#....#
###.§§§#....(# ###....).(.#
#..........# ############


You could see an orc priest.

Vanquished Creatures
  Natasha (twice) (D:3)
  3 adders
  2 giant geckos
  4 orcs (D:3)
  A ball python (D:1)
  7 bats
  4 giant cockroaches
  5 hobgoblins
  8 jackals
  2 giant newts (D:1)
  4 goblins
  7 kobolds
  2 quokkas
  9 rats
  A bush (D:1)
  7 plants (D:1)
68 creatures vanquished.

Vanquished Creatures (collateral kills)
  A goblin (D:2)
1 creature vanquished.

Vanquished Creatures (others)
  A fire vortex (D:1)
  A plant (D:1)
2 creatures vanquished.

Grand Total: 71 creatures vanquished

Notes
Turn   | Place    | Note
--------------------------------------------------------------
     0 | D:1      | MTVSty1e the Minotaur Chaos Knight began the quest for the Orb.
     0 | D:1      | Reached XP level 1. HP: 19/19 MP: 0/0
   417 | D:1      | Reached skill level 4 in Fighting
   473 | D:1      | Reached XP level 2. HP: 27/27 MP: 1/1
   604 | D:1      | XOM: silly message
  1390 | D:2      | Reached XP level 3. HP: 30/34 MP: 2/2
  1496 | D:2      | XOM: harmless Tloc miscast
  1742 | D:2      | Found a bloodstained altar of Trog.
  1753 | D:2      | XOM: divination: detect creatures
  1911 | D:2      | You fall through a shaft!
  2000 | D:3      | Reached XP level 4. HP: 41/41 MP: 3/3
  2043 | D:3      | XOM: potion effect (brilliance)
  2351 | D:3      | XOM: scenery: 1 doors close
  2352 | D:3      | Noticed Natasha
  2354 | D:3      | XOM: fake destruction
  2357 | D:3      | XOM: polymorph crimson imp -> iron imp
  2363 | D:3      | Killed Natasha
  2527 | D:3      | XOM: 2-stop teleportation journey
  2833 | D:3      | XOM: god gift: beef jerky
  2884 | D:3      | Noticed Natasha
  2896 | D:3      | Killed Natasha
  2901 | D:3      | XOM: smoke on damage
  2907 | D:3      | Killed from afar by an orc priest

Action                   |  1- 3 |  4- 6 || total
-------------------------+-------+-------++-------
Melee: Hand axe          |   344 |    51 ||   395
  Use: Scroll            |     1 |     4 ||     5
       Potion            |       |     3 ||     3
 Stab: Confused          |     1 |       ||     1
       Paralysed         |       |     1 ||     1
  Eat: Bread ration      |     1 |       ||     1
       Beef jerky        |     1 |       ||     1
       Royal jelly       |       |     1 ||     1
